 Dungeon Crawl Stone Soup version 0.24-a0-244-ga6a6ab7d13 (webtiles) character file.

Game seed: 14697793278136076174

129 Redear the Slasher (level 5, -16/29 HPs)
             Began as a Vine Stalker Monk on Apr 10, 2019.
             Demolished by an ogre
             ... wielding a +0 giant club
              (30 damage)
             ... on level 5 of the Dungeon.
             The game lasted 00:04:46 (1804 turns).

Redear the Slasher (Vine Stalker Monk)              Turns: 1804, Time: 00:04:47

Health: -16/29     AC:  2    Str: 15    XL:     5   Next: 12%
Magic:  0/6        EV: 14    Int: 10    God:
Gold:   29         SH:  0    Dex: 16    Spells: 4/4 levels left

rFire    . . .     SeeInvis .   a - +0 falchion
rCold    . . .     Gourm    .   (no shield)
rNeg     . . .     Faith    .   b - +0 robe
rPois    .         Spirit   +   (no helmet)
rElec    .         Reflect  .   (no cloak)
rCorr    .         Harm     .   (no gloves)
MR       .....                  (no boots)
Stlth    ++........             (no amulet)
HPRegen  0.49/turn              (no ring)
MPRegen  0.10/turn              (no ring)

@: no status effects
A: fangs 2, regeneration 1, magic shield, antimagic bite, no potion heal 3, rot
immunity
a: no special abilities


You were on level 5 of the Dungeon.
You were very hungry.

You visited 1 branch of the dungeon, and saw 4 of its levels.

You collected 29 gold pieces.

Inventory:

Hand Weapons
 a - a +0 falchion (weapon)
Armour
 b - a +0 robe (worn)
 g - a cursed +0 shield
 n - a +0 pair of gloves
Jewellery
 d - a cursed -6 ring of strength {unknown}
 h - a cursed ring of attention {unknown}
 i - a +3 ring of dexterity {unknown}
Scrolls
 e - 2 scrolls of identify {unknown}
 m - a scroll of remove curse {unknown}
Potions
 c - 3 potions of curing {unknown}
 f - a potion of lignification {unknown}
 j - a potion of haste {unknown}
 k - a potion of cancellation {unknown}
 l - a potion of magic {unknown}
Comestibles
 z - 7 rations


   Skills:
 + Level 3.6 Fighting
 + Level 3.7 Long Blades
 + Level 3.3 Dodging
 - Level 2.4 Stealth


You had 4 spell levels left.
You didn't know any spells.
Your spell library was empty.

Dungeon Overview and Level Annotations

Branches:
Dungeon (5/15)
 Temple: D:4-7

Altars:

Shops:
D:5 %


Innate Abilities, Weirdness & Mutations

You have extremely sharp teeth.
Your natural rate of healing is unusually fast.
When hurt, damage is shared between your health and your magic reserves.
Your bite disrupts and absorbs the magic of your enemies.
Potions cannot restore your health.
You are immune to rotting.


Message History

The ogre is heavily wounded.
The ogre barely misses you.
MP restored: 6 You hit the ogre.
You bite the ogre, but do no damage.
The ogre is severely wounded.
The ogre hits you with a +0 giant club!!
Ouch! That really hurt!
You take 18 damage, and have 10/29 hp.
MASSIVE DAMAGE!!
You now have 3/6 mp.
There is a stone staircase leading down here.
Found a stone staircase leading up.
Found a great sword.
You barely miss the ogre.
The ogre is severely wounded.
The ogre misses you.
You riposte.
You hit the ogre.
The ogre is almost dead.
You barely miss the ogre. Your bite misses the ogre.
The ogre is almost dead.
The ogre hits you with a +0 giant club!!
Ouch! That really hurt!
You die...

.# ...###### ......).#
#<....# #..@### #.
#..O..### # #.
#.#.....##.#
##......#.#>...# ###
####..###...(..##.###..
#.......##......#.#....#
#.......##..#.......##.#
#...........###........#
#.......#...##......#...


You could see an ogre.

Vanquished Creatures
  An orc wizard (D:4)
  3 gnolls (D:2)
  An adder (D:2)
  2 dart slugs
  4 orcs (D:4)
  7 bats
  3 giant cockroaches
  9 goblins
  5 hobgoblins
  A quokka (D:2)
  3 ball pythons
  3 frilled lizards
  9 kobolds
  5 rats
56 creatures vanquished.

Notes
Turn   | Place    | Note
-------+----------+-------------------------------------------
     0 | D:1      | Redear the Vine Stalker Monk began the quest for the Orb.
     0 | D:1      | Reached XP level 1. HP: 11/11 MP: 2/2
   101 | D:1      | HP: 1/11 [kobold (1)]
   442 | D:1      | Reached XP level 2. HP: 9/16 MP: 1/3
   547 | D:1      | Reached skill level 3 in Long Blades
   549 | D:1      | Reached skill level 3 in Fighting
   653 | D:1      | Reached XP level 3. HP: 11/20 MP: 4/4
  1290 | D:2      | Reached skill level 3 in Dodging
  1291 | D:2      | Gained mutation: Your natural rate of healing is unusually
                  | fast. [Vine Stalker growth]
  1291 | D:2      | Reached XP level 4. HP: 13/24 MP: 5/5
  1670 | D:2      | You fall through a shaft for 2 floors!
  1683 | D:4      | Reached XP level 5. HP: 17/29 MP: 3/6
  1731 | D:4      | Noticed an ice beast
  1763 | D:5      | Entered Level 5 of the Dungeon
  1774 | D:5      | Found Xuruzess's Food Boutique.
  1777 | D:5      | Noticed an ogre
  1804 | D:5      | Demolished by an ogre

Levels and vault maps discovered:
D:1:      dpeg_arrival_rooms_b, layout_basic
D:2:      layout_basic, zin_purify, first_ration
D:4:      layout_loops_ring
D:5:      layout_rooms, basic_altar, serial_shops, shop_coins, shop, shop,
          kennysheep_mini_moat

Skill      XL: |  1  2  3 |
---------------+----------+-----
Long Blades    | 3 |  3.7
Fighting       | 3 |  3.6
Dodging        | 3 |  3.3
Stealth        | |  2.4

Action                   |  1- 3 |  4- 6 || total
-------------------------+-------+-------++-------
Melee: Falchion          |   109 |    52 ||   161
       Bite              |    32 |    20 ||    52
 Stab: Sleeping          |     4 |     1 ||     5
  Eat: Chunk             |     1 |     1 ||     2
Armor: Robe              |    16 |     4 ||    20
Dodge: Dodged            |    81 |    33 ||   114
       Rpst.: Falchion   |    19 |    12 ||    31

Table legend:
 A = Non-vault XP
 B = Vault XP
 C = Vault XP percentage of total XP
 D = Non-vault monster count
 E = Vault monster count
 F = Vault count percentage of total count
                 A         B        C        D         E       F
            +---------+---------+-------+---------+---------+-------
      Total |     185 |       0 |   0.0 |      56 |       0 |   0.0
            +---------+---------+-------+---------+---------+-------
        D:1 |      55 |       0 |   0.0 |      31 |       0 |   0.0
        D:2 |      83 |       0 |   0.0 |      20 |       0 |   0.0
        D:4 |      47 |       0 |   0.0 |       5 |       0 |   0.0
            +---------+---------+-------+---------+---------+-------
